 Dungeon Crawl Stone Soup version 0.30.1-3-gfc49f6343a (webtiles) character file.

Game seed: 14004250377013430490

136279 Gorgoleon the Marksspriggan (level 16, -2/95 HPs)
             Began as a Spriggan Hunter on July 18, 2023.
             Was the Champion of Okawaru.
             Slain by a water elemental (15 damage)
             ... led by a merfolk aquamancer
             ... on level 3 of the Shoals on July 19, 2023.
             The game lasted 01:46:34 (26669 turns).

Gorgoleon the Marksspriggan (Spriggan Hunter)      Turns: 26669, Time: 01:46:36

Health: -2/95      AC:  9    Str: 13    XL:     16   Next: 66%
Magic:  25/25      EV: 42    Int: 12    God:    Okawaru [******]
Gold:   2239       SH:  0    Dex: 29    Spells: 6/15 levels left

rFire   . . .        v - +2 arbalest (elec)
rCold   . . .        (shield currently unavailable)
rNeg    . . .        I - +2 animal skin "Serph" {Rampage Dex+4}
rPois   +            c - +1 hat of Hide-and-Seek {rPois Str+6}
rElec   .            t - scarf {repulsion}
rCorr   .            (gloves unavailable)
SInv    +            (boots unavailable)
Will    ++...        z - amulet of Vitality {RegenMP++ Regen++}
Stlth   ++           p - +4 ring of protection
HPRegen 1.95/turn    r - +5 ring of evasion
MPRegen 0.99/turn

%: repel missiles, rampage
@: engulfed (cannot breathe), hasted, very quick
A: very small, no large weapons, unfitting armour, see invisible, speed 3
a: Renounce Religion, Heroism, Finesse, Duel


You were on level 3 of the Shoals.
You worshipped Okawaru.
Okawaru was exalted by your worship.
You visited 5 branches of the dungeon, and saw 26 of its levels.

You collected 2873 gold pieces.
You spent 634 gold pieces at shops.

Inventory:

Hand Weapons
 v - a +2 arbalest of electrocution (weapon)
Armour
 c - the +1 hat of Hide-and-Seek (worn) {rPois Str+6}
   (Okawaru gifted it to you on level 3 of the Lair of Beasts)

   Str:       It affects your strength (+6).
   rPois:     It protects you from poison.
 q - the +2 robe of Immorality {Dex+3 Archmagi}
   (Okawaru gifted it to you on level 10 of the Dungeon)

   Dex:       It affects your dexterity (+3).
   Archmagi:  It increases the power of your magical spells.
 t - a scarf of repulsion (worn)
 I - the +2 animal skin "Serph" (worn) {Rampage Dex+4}
   (Okawaru gifted it to you on level 2 of the Shoals)

   Dex:       It affects your dexterity (+4).
   Rampage:   It bestows one free step when moving towards enemies.
Jewellery
 l - a ring of fire
 p - a +4 ring of protection (left hand)
 r - a +5 ring of evasion (right hand)
 z - the amulet of Vitality (around neck) {RegenMP++ Regen++}
   (You found it on level 13 of the Dungeon)

   [amulet of magic regeneration]

   It increases your rate of magic regeneration.
   Regen:     It increases your rate of health regeneration.
Wands
 d - a wand of roots (14)
 m - a wand of flame (57)
 y - a wand of mindburst (14)
 A - a wand of polymorph (4)
 H - a wand of acid (10)
Scrolls
 b - 4 scrolls of immolation
 e - 3 scrolls of magic mapping
 f - 7 scrolls of fear
 h - 2 scrolls of poison
 i - 14 scrolls of teleportation
 k - 3 scrolls of silence
 n - 2 scrolls of enchant armour
 o - 6 scrolls of identify
 x - a scroll of enchant weapon
 E - 2 scrolls of fog
 J - a scroll of blinking
Potions
 a - 2 potions of flight
 g - a potion of berserk rage
 j - 4 potions of brilliance
 u - 2 potions of haste
 w - 2 potions of mutation
 B - a potion of invisibility
 C - 4 potions of attraction
 D - a potion of might
 F - 6 potions of curing
 G - 2 potions of cancellation
 M - a potion of lignification


   Skills:
 + Level 15.4 Fighting
 - Level 18.0 Ranged Weapons
 * Level 15.4 Dodging
 - Level 5.0 Stealth
 - Level 1.3 Hexes
 * Level 7.7 Translocations
 - Level 11.0 Invocations
 - Level 6.0 Evocations


You had 6 spell levels left.
You knew the following spells:

 Your Spells              Type           Power      Damage    Failure   Level
a - Teleport Other        Tloc           18%        N/A       4%          3
b - Dispersal             Tloc           9%         N/A       91%         6

Your spell library contained the following spells:

 Spells                   Type           Power      Damage    Failure   Level
 Blink                    Tloc           36%        N/A       1%          2
 Lesser Beckoning         Tloc           36%        N/A       1%          2
 Gell's Gravitas          Tloc           18%        N/A       4%          3
 Momentum Strike          Conj/Tloc      18%        3d8       11%         2
 Portal Projectile        Hex/Tloc       20%        N/A       16%         3
 Volatile Blastmotes      Fire/Tloc      18%        2d11      21%         3
 Foxfire                  Conj/Fire      0%         2x1d4     32%         1
 Magic Dart               Conj           0%         1d3       32%         1
 Sandblast                Erth           0%         2d4       32%         1
 Passwall                 Tmut/Erth      0%         N/A       45%         2
 Poisonous Vapours        Pois/Air       0%         N/A       45%         2
 Scorch                   Fire           0%         2d5       45%         2
 Searing Ray              Conj           0%         2d4       45%         2
 Sublimation of Blood     Necr           0%         N/A       45%         2
 Wereblood                Tmut           0%         N/A       45%         2
 Iskenderun's Mystic Bla  Conj/Tloc      9%         2d4       56%         4
 Dazzling Flash           Conj/Hex       2%         N/A       61%         3
 Ignite Poison            Fire/Tmut/Pois 0%         N/A       69%         3
 Mephitic Cloud           Conj/Pois/Air  0%         N/A       69%         3
 Stone Arrow              Conj/Erth      0%         3d7       69%         3
 Cause Fear               Hex            1%         N/A       89%         4
 Fulminant Prism          Conj/Hex       0%         3d5       95%         4
 Flame Wave               Conj/Fire      0%         2d4       97%         4
 Sticky Flame             Conj/Fire      0%         2d3       97%         4
 Blade Hands              Tmut           0%         N/A       100%        5
 Fireball                 Conj/Fire      0%         3d3       100%        5
 Freezing Cloud           Conj/Ice/Air   0%         6-21      100%        5
 Yara's Violent Unravell  Hex/Tmut       0%         3d3       100%        5
 Eringya's Noxious Bog    Tmut/Pois      0%         N/A       100%        6
 Plasma Beam              Fire/Air       0%         2x1d11    100%        6
 Starburst                Conj/Fire      0%         6d3       100%        6
 Dragon Form              Tmut           0%         N/A       100%        7
 Ignition                 Fire           0%         3d3       100%        8
 Necromutation            Tmut/Necr      0%         N/A       100%        8
 Tukima's Dance           Hex            Unusable   N/A       N/A         3
 Summon Cactus Giant      Summ           Unusable   N/A       N/A         6
 Summon Hydra             Summ           Unusable   N/A       N/A         7
 Dragon's Call            Summ           Unusable   N/A       N/A         9

Dungeon Overview and Level Annotations

Branches:
Dungeon (15/15)            Temple (1/1) D:7            Lair (5/5) D:9
 Shoals (3/4) Lair:2       Spider (0/4) Lair:3        Slime (0/5) Lair:5
    Orc (2/2) D:10            Elf (0/3) Orc:2        Vaults (0/5) D:14
 Depths (0/4) D:15

Altars:
Ashenzari
Cheibriados
Dithmenos
Elyvilon
Fedhas
Gozag
Hepliaklqana
Kikubaaqudgha
Makhleb
Nemelex Xobeh
Okawaru
Qazlal
Ru
Sif Muna
Trog
Uskayaw
Vehumet
Wu Jian
Xom
Yredelemnul
Zin
The Shining One
Jiyva

Shops:
D:1 =   D:8 ?!(*   D:9 ?   D:10 ?   Orc:2 *:([

Annotations:
D:12 3 runed translucent doors, ZoeForever1's ghost, journeyman GnHu
Lair:5 exclusion: 3 oklob plants


Innate Abilities, Weirdness & Mutations

You are very small and have problems with some larger weapons.
You are too small for most types of armour.
You have supernaturally acute eyesight. (SInv)
You cover ground extremely quickly. (Speed+++)


Message History

The water elemental completely misses you.
The merfolk barely misses you.
The merfolk siren chants a haunting song.
You resist with almost no effort.
The water elemental completely misses you. x2
The water elemental hits you.
The water elemental engulfs you in water!
The merfolk aquamancer points at you and mumbles some strange words.
The torrent of water passes through the water elemental.
The torrent of water hits you!!
You are knocked back by the torrent of water.
You slam into the stone wall!
The wave splashes down.
Splash!
You fall into the shallow water.
Moving in this stuff is going to be slow.
You hear a screech! x2
You cannot read scrolls while unable to breathe!
You feel yourself speed up.
Your lungs strain for air!
The harpy completely misses you. x2; The water elemental hits you.
The merfolk hits you from afar with a +0 trident!
* * * LOW HITPOINT WARNING * * *
The water elemental completely misses you.
The merfolk siren chants a haunting song.
You resist with almost no effort.
A tengu conjurer comes into view.
The water elemental completely misses you.
You feel much better.
Your lungs strain for air!
The merfolk hits you from afar with a +0 trident!!
* * * LOW HITPOINT WARNING * * *
The water elemental completely misses you.
The merfolk aquamancer casts a spell at you.
The torrent of water passes through the water elemental.
The torrent of water misses you.
The wave splashes down.
Splash!
You fall into the shallow water.
Moving in this stuff is going to be slow.
The water elemental hits you!
You die...

..~~~~.... ##..~.....
##.....# #..<[..#
###....### #####.[.~.....
## #..##.~~~~~~≈≈≈
#.#####..#.~~~~~~≈≈≈≈
######.~.E@~~~.~~~~~~≈≈≈≈≈
..~~~.~~~EEH~~~~.~~~~≈≈≈≈≈
...~~.~)m≈≈~~~~~~~≈≈≈≈≈≈≈≈
###~~~~~≈m≈~~~~~~~≈≈≈≈≈≈≈
#.~~~~≈≈≈≈≈~~~≈≈≈≈≈≈≈≈
....~~~~≈≈m≈≈≈≈≈≈≈≈≈≈≈≈≈
~..~~~~~~~~≈≈≈≈≈≈≈≈≈≈≈≈≈
~~~~Q~~~~~~~~≈≈≈≈≈≈≈≈≈≈≈
~~~~~~†~~~~~~≈≈≈≈≈≈≈≈≈≈≈


You could see a merfolk aquamancer, a merfolk, 3 water elementals, a merfolk
siren, a harpy and a tengu conjurer.

Vanquished Creatures
  An orc warlord (Orc:2)
  A caustic shrike zombie (D:15)
  A juggernaut zombie (D:15)
  Azrael (Orc:2)
  Nessos (D:13)
  A dire elephant (Lair:3)
  A merfolk javelineer (Shoals:3)
  A merfolk impaler (Shoals:1)
  A spectral kraken (Shoals:1)
  Harold (D:9)
  8 vault guards (D:14)
  An ogre mage (D:14)
  A spriggan skeleton (D:15)
  3 hydras
  2 merfolk avatars (Shoals:2)
  2 ghost crabs
  4 centaur warriors
  4 catoblepae
  19 death yaks
  6 two-headed ogres
  Erica (D:10)
  5 boulder beetles
  A deep troll shaman (D:13)
  2 tengu warriors
  3 orc high priests (Orc:2)
  Urug (D:11)
  A fire crab (shapeshifter) (D:14)
  Amaemon (Lair:3)
  7 skeletal warriors
  9 skysharks
  3 deep trolls (D:13)
  2 sea snakes (Shoals:2)
  4 orc knights
  4 harpies
  A phantasmal warrior (D:15)
  2 deep elf pyromancers
  15 ugly things
  A necromancer (D:15)
  A fire giant zombie (D:15)
  9 fauns
  6 cyclopes
  5 merfolk sirens
  31 elephants
  Maurice (D:9)
  9 manticores
  2 black mambas
  3 water nymphs (Shoals:2)
  2 gargoyles
  10 cane toads
  An orange demon (Lair:3)
  Psyche (D:8)
  5 rime drakes
  2 unseen horrors
  2 kobold demonologists (D:10)
  Maggie (D:7)
  3 efreet (D:15)
  5 komodo dragons
  A spectral water nymph (Shoals:1)
  A spectral merfolk (Shoals:1)
  3 tengu conjurers
  3 meliai (D:15)
  A wind drake (Shoals:1)
  Prince Ribbit (D:5)
  8 trolls
  6 merfolk
  A blink frog (shapeshifter) (D:15)
  3 snapping turtles
  9 dream sheep
  20 blink frogs
  Sigmund (D:3)
  11 slime creatures
  A centaur simulacrum (D:14)
  A spriggan (Lair:3)
  A shadow (D:12)
  3 wraiths
  4 wyverns
  Eustachio (D:3)
  2 basilisks
  61 yaks
  2 fire elementals (Orc:2)
  A vampire (D:11)
  A steam dragon (D:9)
  9 vampire mosquitoes
  6 wargs
  4 acid dragons
  A spectral snapping turtle (Shoals:1)
  12 water moccasins
  2 meliai simulacra (D:14)
  4 hell hounds
  28 orc warriors
  2 ice beasts
  A black bear (D:6)
  4 centaurs
  6 ogres
  12 wolves
  A phantom (D:5)
  A kobold brigand (D:10)
  11 bullfrogs
  2 gnoll sergeants
  3 scorpions
  8 wights
  4 killer bees (D:11)
  2 electric eels
  8 howler monkeys
  6 hounds
  A jelly (D:5)
  9 orc priests
  2 sleepcaps (D:5)
  A gnoll bouda (D:6)
  Terence (D:2)
  17 orc wizards
  4 hell rats
  5 iguanas
  Ijyb (D:3)
  22 gnolls
  11 adders
  3 white imps
  3 worms
  2 dart slugs
  57 orcs
  8 endoplasms
  5 giant cockroaches
  8 goblins
  4 hobgoblins
  4 jackals (D:4)
  3 quokkas
  15 ball pythons
  11 bats
  2 frilled lizards
  19 kobolds
  5 rats
  A tentacle (Shoals:1)
730 creatures vanquished.

Vanquished Creatures (others)
  An orc high priest (Orc:2)
  23 tentacles (Shoals:1)
24 creatures vanquished.

Grand Total: 754 creatures vanquished

Notes
Turn   | Place    | Note
-------+----------+-------------------------------------------
     0 | D:1      | Gorgoleon the Spriggan Hunter began the quest for the Orb.
     0 | D:1      | Reached XP level 1. HP: 10/10 MP: 2/2
    30 | D:1      | Found a faded altar of an unknown god.
   177 | D:1      | Found Xoemu's Jewellery Shop.
   303 | D:1      | Reached XP level 2. HP: 14/14 MP: 3/3
  1032 | D:2      | Found a shadowy altar of Dithmenos.
  1070 | D:2      | Reached XP level 3. HP: 18/18 MP: 4/4
  1587 | D:2      | Reached skill level 5 in Ranged Weapons
  1915 | D:3      | Found a glowing golden altar of the Shining One.
  1917 | D:3      | Noticed Terence
  2015 | D:2      | Killed Terence
  2016 | D:2      | Reached XP level 4. HP: 23/23 MP: 5/5
  2217 | D:3      | Found a blossoming altar of Fedhas.
  2230 | D:3      | Noticed Ijyb
  2318 | D:3      | Killed Ijyb
  2508 | D:3      | Reached skill level 6 in Ranged Weapons
  2509 | D:3      | Reached XP level 5. HP: 26/26 MP: 6/6
  2625 | D:3      | Noticed Sigmund
  2654 | D:3      | Killed Sigmund
  2655 | D:3      | Reached skill level 7 in Ranged Weapons
  2655 | D:3      | Reached XP level 6. HP: 24/30 MP: 7/7
  2737 | D:3      | Found a sparkling altar of Nemelex Xobeh.
  2737 | D:3      | Found a shimmering blue altar of Sif Muna.
  3696 | D:3      | Reached skill level 8 in Ranged Weapons
  4112 | D:4      | Reached XP level 7. HP: 35/35 MP: 8/8
  4428 | D:4      | Noticed Eustachio
  4479 | D:3      | Killed Eustachio
  4480 | D:3      | Reached skill level 9 in Ranged Weapons
  5010 | D:5      | Entered Level 5 of the Dungeon
  5261 | D:5      | Noticed Prince Ribbit
  5284 | D:5      | Killed Prince Ribbit
  5285 | D:5      | Reached skill level 10 in Ranged Weapons
  5285 | D:5      | Reached XP level 8. HP: 39/39 MP: 9/9
  5305 | D:5      | Found an iron altar of Okawaru.
  5313 | D:5      | Became a worshipper of Warmaster Okawaru
  5406 | D:5      | Found a white marble altar of Elyvilon.
  5465 | D:5      | Reached skill level 1 in Evocations
  5481 | D:5      | Identified the +6 rapier of Tenacity {freeze, rElec rPois
                  | SInv}
  5519 | D:5      | Reached skill level 1 in Invocations
  5669 | D:5      | Reached skill level 11 in Ranged Weapons
  6120 | D:5      | Reached * piety under Okawaru
  6303 | D:6      | Reached XP level 9. HP: 42/42 MP: 11/11
  6449 | D:6      | Found a burning altar of Makhleb.
  6456 | D:6      | Found a shadowy altar of Dithmenos.
  6549 | D:6      | Reached skill level 12 in Ranged Weapons
  6917 | D:7      | Got the Secrets of Sizzling Reformation
  7139 | D:7      | Found a staircase to the Ecumenical Temple.
  7145 | Temple   | Entered the Ecumenical Temple
  7354 | D:7      | Noticed Maggie
  7436 | D:7      | Killed Maggie
  7436 | D:7      | Reached ** piety under Okawaru
  7515 | D:7      | Reached skill level 13 in Ranged Weapons
  8209 | D:8      | Found Opas's Assorted Antiques.
  8211 | D:8      | Found Zuxior's Distillery.
  8212 | D:8      | Found Kutadiyc's Weapon Shoppe.
  8213 | D:8      | Found Namisoj's Magic Scroll Shoppe.
  8227 | D:8      | Bought a scroll of brand weapon for 142 gold pieces
  8518 | D:8      | Found a stormy altar of Qazlal.
  8802 | D:8      | Reached skill level 14 in Ranged Weapons
  8863 | D:9      | Noticed a boulder beetle
  8865 | D:9      | Noticed Psyche
  9263 | D:8      | Killed Psyche
  9263 | D:8      | Reached *** piety under Okawaru
  9277 | D:9      | Noticed a troll
  9310 | D:8      | Killed a troll
  9311 | D:8      | Reached XP level 10. HP: 46/46 MP: 12/12
  9406 | D:8      | Killed a boulder beetle
  9427 | D:9      | Noticed Maurice
  9449 | D:9      | Killed Maurice
  9449 | D:9      | Reached **** piety under Okawaru
  9450 | D:9      | Reached skill level 15 in Ranged Weapons
  9457 | D:9      | Noticed a two-headed ogre
  9468 | D:9      | Killed a two-headed ogre
  9691 | D:9      | Found a staircase to the Lair.
  9760 | D:9      | Reached ***** piety under Okawaru
  9769 | D:9      | Reached skill level 16 in Ranged Weapons
  9769 | D:9      | Reached skill level 1 in Hexes
  9894 | D:9      | Found The Oracle's Delphic Readings.
  9898 | D:9      | Bought a scroll of identify for 28 gold pieces
  9911 | D:9      | Found a shimmering altar of Xom.
 10068 | D:10     | Entered Level 10 of the Dungeon
 10068 | D:10     | Found Neddaxab's Magic Scroll Boutique.
 10072 | D:10     | Bought a scroll of brand weapon for 104 gold pieces
 10132 | D:10     | Noticed Harold
 10148 | D:9      | Received a gift from Okawaru
 10190 | D:9      | Killed Harold
 10191 | D:9      | Reached XP level 11. HP: 30/52 MP: 12/14
 10459 | D:10     | Identified the +2 robe of Immorality {Dex+3 Archmagi}
                  | (Okawaru gifted it to you on level 10 of the Dungeon)
 10459 | D:10     | Received a gift from Okawaru
 10474 | D:10     | Noticed Erica
 10502 | D:10     | Killed Erica
 10558 | D:10     | Noticed a two-headed ogre
 10579 | D:10     | Killed a two-headed ogre
 10580 | D:10     | Reached skill level 5 in Stealth
 10761 | D:10     | Found a staircase to the Orcish Mines.
 10895 | D:11     | Found an ornate altar of the Wu Jian Council.
 10951 | D:11     | Noticed a red ugly thing
 10974 | D:11     | Killed a red ugly thing
 10975 | D:11     | Reached skill level 5 in Fighting
 10975 | D:11     | Reached skill level 5 in Dodging
 11120 | D:11     | Reached skill level 5 in Evocations
 11320 | D:11     | Noticed Urug
 11344 | D:11     | Killed Urug
 11963 | D:12     | Noticed a centaur warrior
 11968 | D:12     | Killed a centaur warrior
 11968 | D:12     | Identified the +0 robe of Forking Paths {rElec} (Okawaru
                  | gifted it to you on level 12 of the Dungeon)
 11968 | D:12     | Received a gift from Okawaru
 11977 | D:12     | Reached XP level 12. HP: 63/63 MP: 16/16
 11993 | D:12     | Found a gate leading to a gauntlet.
 12232 | D:12     | Found a runed translucent gate.
 12232 | D:12     | Found a runed translucent gate.
 12232 | D:12     | Found a runed translucent gate.
 12699 | D:12     | Noticed ZoeForever1's ghost (journeyman GnHu)
 12798 | Lair:1   | Entered Level 1 of the Lair of Beasts
 13032 | Lair:1   | Reached skill level 5 in Invocations
 13480 | Lair:1   | Found a dark tunnel.
 13548 | Lair:1   | Received a gift from Okawaru
 13789 | Lair:1   | Reached skill level 10 in Fighting
 13800 | Lair:2   | Found a staircase to the Shoals.
 14038 | Lair:2   | Noticed an eight-headed hydra
 14056 | Lair:2   | Killed an eight-headed hydra
 14094 | Lair:2   | Reached XP level 13. HP: 72/72 MP: 18/18
 14604 | Lair:3   | Reached ****** piety under Okawaru
 14692 | Lair:3   | Reached skill level 10 in Dodging
 14739 | Lair:3   | Received a gift from Okawaru
 14762 | Lair:3   | Noticed Amaemon
 14852 | Lair:3   | Found a hole to the Spider Nest.
 14952 | Lair:3   | Noticed a dire elephant
 15198 | Lair:3   | Killed a dire elephant
 15549 | Lair:3   | Identified the +1 hat of Hide-and-Seek {rPois Str+6}
                  | (Okawaru gifted it to you on level 3 of the Lair of Beasts)
 15549 | Lair:3   | Received a gift from Okawaru
 15586 | Lair:3   | Killed Amaemon
 17068 | Lair:4   | Reached XP level 14. HP: 79/79 MP: 21/21
 17188 | Lair:5   | Entered Level 5 of the Lair of Beasts
 17591 | Lair:5   | Identified the +1 robe of the Untouchables {rElec Str-3
                  | SInv} (Okawaru gifted it to you on level 5 of the Lair of
                  | Beasts)
 17591 | Lair:5   | Received a gift from Okawaru
 18367 | Lair:5   | Found a viscous altar of Jiyva.
 18955 | Lair:5   | Identified the +0 fire dragon scales "Ysocuis" {rF++ rC-
                  | Dex+2} (Okawaru gifted it to you on level 5 of the Lair of
                  | Beasts)
 18955 | Lair:5   | Received a gift from Okawaru
 19299 | Orc:1    | Entered Level 1 of the Orcish Mines
 20073 | Orc:2    | Entered Level 2 of the Orcish Mines
 20151 | Orc:2    | Reached XP level 15. HP: 70/88 MP: 23/23
 20241 | Orc:2    | Found Zuak's Book Emporium.
 20700 | Orc:2    | Bought a There-And-Back Book for 360 gold pieces
 20704 | Orc:2    | Learned a level 3 spell: Teleport Other
 20711 | Orc:2    | Learned a level 6 spell: Dispersal
 20711 | Orc:2    | Found a staircase to the Elven Halls.
 20833 | Orc:2    | Found Byrchim's General Store.
 20864 | Orc:2    | Reached skill level 1 in Translocations
 20898 | Orc:2    | Noticed Azrael
 21095 | Orc:2    | Found Kurargh's Antique Armour Emporium.
 21292 | Orc:2    | Killed Azrael
 21338 | Orc:2    | Found Wiases's Antique Weapon Emporium.
 22200 | D:13     | Received a gift from Okawaru
 22202 | D:13     | Noticed Nessos
 22214 | D:13     | Killed Nessos
 22429 | D:13     | Found the amulet of Vitality {RegenMP++ Regen++}
 22881 | D:14     | Reached skill level 10 in Invocations
 23176 | D:14     | Received a gift from Okawaru
 23249 | D:14     | Reached skill level 17 in Ranged Weapons
 23463 | D:14     | Found a gate to the Vaults.
 23628 | D:15     | Entered Level 15 of the Dungeon
 23791 | D:15     | Received a gift from Okawaru
 23902 | D:15     | Reached skill level 5 in Translocations
 24016 | D:15     | Reached XP level 16. HP: 93/93 MP: 24/24
 24096 | D:15     | Found a sacrificial altar of Ru.
 24301 | D:15     | Found a staircase to the Depths.
 24404 | D:15     | Received a gift from Okawaru
 24438 | D:15     | Reached skill level 18 in Ranged Weapons
 24950 | Shoals:1 | Entered Level 1 of the Shoals
 25004 | Shoals:1 | Reached skill level 15 in Fighting
 26081 | Shoals:2 | Received a gift from Okawaru
 26234 | Shoals:2 | Reached skill level 15 in Dodging
 26317 | Shoals:2 | Identified the +2 animal skin "Serph" {Rampage Dex+4}
                  | (Okawaru gifted it to you on level 2 of the Shoals)
 26317 | Shoals:2 | Received a gift from Okawaru
 26669 | Shoals:3 | Slain by a water elemental

Illustrated notes

Levels and vault maps discovered:
D:1:      dpeg_arrival_pits, layout_basic, shapermc_ecumenical_altar_venn,
          serial_shops, shop
D:2:      layout_loops_ring, basic_altar, kennysheep_nub,
          kennysheep_generic_room_13
D:3:      layout_basic, nicolae_overflow_two_pavilions,
          mainiacjoe_overflow_catch_the_wave, uniq_terence, uniq_sigmund,
          uniq_ijyb
D:4:      minmay_polygon_palace, layout_loops_corners, serial_aquarium,
          aquarium_bridge_square [aquarium_subvault_balcony,
          aquarium_subvault_bridge, aquarium_subvault_wall,
          aquarium_subvault_window], aquarium_window_corridor_2,
          aquarium_window_fake, aquarium_view_2b, aquarium_balcony_double_3,
          aquarium_pool_S, minivault_24, minmay_tree_intersection,
          uniq_eustachio
D:5:      layout_cave_pools, lemuel_coloured_pillars_altar, elyvilon_altar_1,
          chequers_serial_rivers_micro_e, uniq_prince_ribbit1
D:6:      layout_loops_ring, old_standard_altar, grunt_dithmenos_smoke
D:7:      layout_basic, temple_green, uniq_maggie
D:8:      layout_loops_ring, mainiacjoe_overflow_24_doors,
          minmay_shop_grid_forest
D:9:      layout_rooms, mainiacjoe_overflow_alcove_1, lair_entry_dummy,
          nicolae_nh_oracle_at_delphi, uniq_maurice, uniq_psyche
D:10:     layout_rooms, orc_0_dummy, serial_shops, shop, uniq_erica, uniq_harold
D:11:     layout_irregular_city, nzn_wu_jian_contemplation, uniq_urug
D:12:     layout_basic, gammafunk_ghost_spectres, gauntlet_entry_generic
D:13:     layout_gridville, hellmonk_guarded_unrand_vitality_bloodlust,
          uniq_nessos
D:14:     layout_big_octagon, erik_vaults_2, serial_bayou_lagoon_a
D:15:     gammafunk_depths_entry_grave, layout_loops_ring,
          nicolae_ru_awakened_eye
Temple:   nicolae_temple_godzebo
Lair:1:   layout_loops_ring, nicolae_volcano_entry_lava_flow, grunt_megastairs_2
Lair:2:   layout_small_grid, nicolae_shoals_entry_roost,
          infiniplex_staircase_pool
Lair:3:   mu_elephants_graveyard, layout_cave_pods, dummy_spider_entry,
          uniq_amaemon
Lair:4:   layout_misc_corridors, lemuel_fruit_tree, serial_bayou_shore_a
Lair:5:   evilmike_catoblepas_cave, layout_small_grid,
          minmay_slime_entry_oklob_open, st_stairs_13
Shoals:1: layout_shoals, nicolae_shoals_spectral_cove
Shoals:2: layout_shoals
Shoals:3: layout_shoals, kb_tengu_band
Orc:1:    layout_caves, hellmonk_bongcloud_opening, mines2_lemuel
Orc:2:    grunt_orc_gardens, layout_caves, grunt_orc_garden, grunt_orc_garden,
          grunt_orc_garden, grunt_orc_garden, uniq_azrael

Skill      XL: |  1  2  3  4  5  6  7  8  9 10 11 12 13 14 15 16 |
---------------+-------------------------------------------------+-----
Stealth        | 2 3 5 |  5.0
Dodging        | 3 6 8 11 12 13 15 | 15.4
Fighting       | 2 3 7 10 11 14 15 | 15.4
Ranged Weapons | 5 6 7 8 10 11 14 16 17 18 | 18.0
Evocations     | 2 3 5 6 |  6.0
Invocations    | 2 4 6 8 9 10 11 | 11.0
Hexes          | 1 |  1.3
Translocations | 5 7 |  7.7

Action                     |  1- 3 |  4- 6 |  7- 9 | 10-12 | 13-15 | 16-18 || total
---------------------------+-------+-------+-------+-------+-------+-------++-------
   Fire: Shortbow          |   136 |   161 |   589 |   736 |  1316 |       ||  2938
         Arbalest          |       |       |       |       |   415 |   386 ||   801
 Invoke: Heroism           |       |       |       |     1 |       |       ||     1
  Evoke: Wand              |       |       |       |     3 |     1 |       ||     4
    Use: Scroll            |       |    10 |     9 |     9 |     8 |     2 ||    38
         Potion            |       |       |       |       |     1 |     2 ||     3
 Armour: Robe              |     7 |     1 |     8 |    13 |    38 |    13 ||    80
         Skin              |       |     2 |     3 |       |       |       ||     5
         Steam dragon scal |       |       |    11 |     5 |       |       ||    16
         Animal skin       |       |       |       |       |       |     2 ||     2
  Dodge: Dodged            |    37 |    50 |   142 |   185 |   555 |   292 ||  1261
         Repelled          |       |       |     2 |     1 |     1 |     2 ||     6
